 Dungeon Crawl Stone Soup version 0.26-a0-670-g578ab304f5 (webtiles) character file.

Game seed: 9356135415337267689

26043 Kinoniko the Impaler (level 13, 0/214 (216) HPs)
             Began as an Ogre Berserker on Oct 19, 2020.
             Was a High Priest of Trog.
             Slain by a four-headed hydra (2 damage)
             ... on level 3 of the Lair of Beasts.
             The game lasted 00:24:57 (16460 turns).

Kinoniko the Impaler (Ogre Berserker)              Turns: 16460, Time: 00:24:58

HP:   0/214 (216)   AC: 14    Str: 28    XL:     13   Next: 23%
MP:   0/13          EV: 11    Int:  8    God:    Trog [*****.]
Gold: 956           SH:  0    Dex:  8    Spells: 12/12 levels left

rFire    . . .     SeeInvis .   K - +4 scimitar (flame)
rCold    . . .     Faith    .   (no shield)
rNeg     . . .     Spirit   +   s - +2 robe {MR+}
rPois    .         Reflect  .   b - +2 hat
rElec    .         Harm     .   h - +2 cloak
rCorr    .         Rampage  .   (gloves unavailable)
MR       ++...                  (boots unavailable)
Stlth    ..........             r - amulet of guardian spirit
HPRegen  0.45/turn              n - +4 ring of protection
MPRegen  0.13/turn              j - +4 ring of slaying

@: berserking, very quick
A: large, unfitting armour, tough skin 1, evolution 1
a: Berserk, Trog's Hand, Brothers in Arms, Renounce Religion


You were on level 3 of the Lair of Beasts.
You worshipped Trog.
Trog was extremely pleased with you.
You visited 2 branches of the dungeon, and saw 15 of its levels.
You also visited: Ossuary.

You collected 1151 gold pieces.
You spent 195 gold pieces at shops.

Inventory:

Hand Weapons
 a - a +0 spear
 m - a +0 spear of freezing
 G - a +4 antimagic trident
 I - a +3 halberd of protection
 K - a +4 scimitar of flaming (weapon)
Armour
 b - a +2 hat (worn)
 h - a +2 cloak (worn)
 o - a +2 animal skin
 s - a +2 robe of magic resistance (worn)
 z - a +0 kite shield of cold resistance
Jewellery
 e - a +6 ring of dexterity
 f - an uncursed amulet of faith
 j - a +4 ring of slaying (right hand)
 l - an uncursed ring of protection from magic
 n - a +4 ring of protection (left hand)
 r - an amulet of guardian spirit (around neck)
 C - a cursed -4 ring of dexterity
 N - an uncursed ring of flight {unknown}
Wands
 F - a wand of paralysis (26)
 H - a wand of enslavement (23)
 J - a wand of flame (22)
 L - a wand of polymorph (11)
Scrolls
 d - 7 scrolls of remove curse
 g - 2 scrolls of enchant armour
 u - 5 scrolls of fog
 v - 7 scrolls of teleportation
 y - 2 scrolls of magic mapping
 O - a scroll of fear
Potions
 c - a potion of invisibility
 i - a potion of stabbing
 k - a potion of ambrosia
 p - 2 potions of cancellation
 q - a potion of flight
 t - 9 potions of curing
 w - a potion of brilliance
 x - 2 potions of berserk rage
 A - a potion of lignification
 B - 3 potions of resistance
 D - a potion of haste
 E - 2 potions of heal wounds
 M - a potion of magic


   Skills:
 * Level 13.4 Fighting
 + Level 17.3 Polearms
 + Level 3.7 Armour
 + Level 5.6 Dodging


You had 12 spell levels left.
You didn't know any spells.
Your spell library contained the following spells:

 Spells                   Type           Power        Failure   Level
 Magic Dart               Conj           #...         41%         1
 Sandblast                Erth           #.....       41%         1
 Blink                    Tloc           N/A          54%         2
 Call Imp                 Summ           #.......     54%         2
 Passwall                 Tmut/Erth      #.......     54%         2
 Poisonous Vapours        Pois/Air       #.....       54%         2
 Slow                     Hex            #.......     54%         2
 Conjure Flame            Conj/Fire      #.......     78%         3
 Mephitic Cloud           Conj/Pois/Air  #.......     78%         3
 Stone Arrow              Conj/Erth      #.....       78%         3
 Petrify                  Tmut/Erth      #.......     99%         4
 Lee's Rapid Deconstruct  Erth           #.........   100%        5
 Freezing Cloud           Conj/Ice/Air   #.........   100%        6


Dungeon Overview and Level Annotations

Branches:
Dungeon (12/15)            Temple (0/1) D:7            Lair (3/6) D:9
    Orc (0/2) D:10        Ossuary (visited)
  Swamp: Lair:2-4    Shoals: Lair:2-4     Snake: Lair:2-4    Spider: Lair:2-4

Altars:
Cheibriados
Xom

Shops:
D:9 [

Portals:
Trove: D:10 (give +8 demon blade)


Innate Abilities, Weirdness & Mutations

You are too large for most types of armour.
You have tough skin. (AC +1)
You evolve.


Message History

Trog accepts your kill. The five-headed hydra bites you.
* * * LOW HITPOINT WARNING * * *
The five-headed hydra bites you!!
* * * LOW HITPOINT WARNING * * *
The five-headed hydra barely misses you.
The five-headed hydra bites you!!
* * * LOW HITPOINT WARNING * * *
The five-headed hydra closely misses you.
The centaur hits you but does no damage.
You chop one of the five-headed hydra's heads off!
The flame cauterises the wound!
You slice the four-headed hydra!! You burn the four-headed hydra.
The four-headed hydra is moderately wounded.
The centaur hits you!
* * * LOW HITPOINT WARNING * * *
The four-headed hydra bites you.
* * * LOW HITPOINT WARNING * * *
The four-headed hydra bites you.
You die...

...............
................#.
.$...............P
.................P
..................
................P.
#................
#..P#.<...D......
....≈≈#...@†......
...P≈≈#!...c....P.
.#................
#................
#..#..######..#.#
##.### ### # #


You could see a four-headed hydra and a centaur.

Vanquished Creatures
  A hydra (Lair:3)
  Erica (Lair:1)
  Harold (D:7)
  An ogre mage (D:11)
  5 two-headed ogres
  Urug (Lair:1)
  6 ugly things
  A cyclops (D:12)
  2 manticores (D:12)
  A centaur skeleton (D:11)
  3 cane toads
  A gargoyle (D:10)
  2 trolls
  A hornet (D:11)
  A polar bear (Lair:2)
  7 blink frogs
  A vampire (D:12)
  A shadow (D:11)
  A wraith (D:11)
  27 yaks
  A wyvern (Lair:1)
  Grum (D:9)
  A soldier ant (D:11)
  3 water moccasins
  3 sky beasts
  8 orc warriors
  2 black bears
  2 ice beasts
  3 phantoms
  3 necrophages
  3 wolves (D:9)
  14 ogres
  9 centaurs
  4 big kobolds
  An elf zombie (Ossuary)
  9 bullfrogs
  2 scorpions
  A wyvern skeleton (D:8)
  3 killer bees (D:11)
  11 wights
  3 howler monkeys (D:11)
  A centaur zombie (D:5)
  2 quasits
  A bullfrog zombie (D:6)
  3 jellies
  2 bullfrog skeletons
  8 orc priests
  5 hounds
  6 orc wizards
  3 iguanas
  Natasha (thrice) (D:2)
  10 worker ants
  4 big kobold zombies (Ossuary)
  A hound zombie (D:11)
  2 mummies (Ossuary)
  2 worker ant zombies
  7 gnolls
  15 adders
  A shadow imp (D:7)
  A white imp (D:8)
  3 ufetubi
  A worm zombie (D:4)
  An adder skeleton (D:9)
  An adder zombie (D:10)
  2 worms
  5 leopard geckos
  43 orcs
  4 giant cockroaches
  2 gnoll zombies
  3 goblins
  3 hobgoblins
  6 jackals
  3 quokkas
  A ball python (D:3)
  4 bats
  3 frilled lizards
  2 giant cockroach zombies (D:5)
  2 goblin zombies (Ossuary)
  2 hobgoblin zombies (Ossuary)
  A jackal skeleton (D:5)
  23 kobolds
  4 orc zombies (Ossuary)
  6 rats
354 creatures vanquished.

Vanquished Creatures (others)
  2 plants
2 creatures vanquished.

Grand Total: 356 creatures vanquished

Notes
Turn   | Place    | Note
-------+----------+-------------------------------------------
     0 | D:1      | Kinoniko the Ogre Berserker began the quest for the Orb.
     0 | D:1      | Reached XP level 1. HP: 24/24 MP: 1/1
   184 | D:1      | Reached XP level 2. HP: 23/32 MP: 2/2
   684 | D:2      | Reached XP level 3. HP: 40/40 MP: 3/3
   852 | D:2      | Noticed an ogre
   859 | D:2      | Killed an ogre
   859 | D:2      | Reached ** piety under Trog
   859 | D:2      | Reached skill level 5 in Fighting
   859 | D:2      | Reached skill level 4 in Polearms
   859 | D:2      | Reached XP level 4. HP: 50/50 MP: 4/4
   947 | D:2      | Noticed a bullfrog
   952 | D:2      | Killed a bullfrog
   952 | D:2      | Reached XP level 5. HP: 57/57 MP: 5/5
  1078 | D:2      | Noticed Natasha
  1086 | D:2      | Killed Natasha
  1086 | D:2      | Reached skill level 5 in Polearms
  1184 | D:2      | Found a snail-covered altar of Cheibriados.
  1300 | D:2      | Noticed Natasha
  1977 | D:2      | Killed Natasha
  1977 | D:2      | Reached XP level 6. HP: 66/66 MP: 6/6
  2141 | D:2      | Noticed Natasha
  2163 | D:2      | Killed Natasha
  2768 | D:4      | Noticed a phantom
  2777 | D:4      | Killed a phantom
  2777 | D:4      | Reached skill level 6 in Polearms
  2991 | D:4      | Reached XP level 7. HP: 67/72 MP: 7/7
  3140 | D:4      | Reached skill level 7 in Polearms
  3367 | D:4      | Found a sand-covered staircase.
  3383 | Ossuary  | Entered an ossuary
  3422 | Ossuary  | Reached skill level 8 in Polearms
  3495 | Ossuary  | Reached *** piety under Trog
  4427 | D:5      | Entered Level 5 of the Dungeon
  4464 | D:5      | Identified the +4 ring mail of the Blind Marksman {-Tele
                  | MR+ Dex+4 Slay+2}
  4652 | D:5      | Reached XP level 8. HP: 80/80 MP: 8/8
  4859 | D:5      | Reached skill level 9 in Polearms
  5573 | D:5      | Reached skill level 10 in Polearms
  5908 | D:6      | Reached **** piety under Trog
  6260 | D:6      | Reached XP level 9. HP: 88/88 MP: 9/9
  6266 | D:6      | Reached skill level 11 in Polearms
  6819 | D:7      | Found a staircase to the Ecumenical Temple.
  6913 | D:7      | Noticed Harold
  6925 | D:7      | Killed Harold
  6925 | D:7      | Reached skill level 12 in Polearms
  7013 | D:7      | Reached skill level 13 in Polearms
  7191 | D:7      | Reached XP level 10. HP: 89/96 MP: 10/10
  7931 | D:7      | Reached ***** piety under Trog
  8625 | D:8      | Reached skill level 14 in Polearms
  8866 | D:9      | Noticed Grum
  8896 | D:9      | Killed Grum
  9154 | D:9      | Found a staircase to the Lair.
  9419 | D:9      | Found Vathuly's Antique Armour Emporium.
  9424 | D:9      | Bought a runed kite shield for 195 gold pieces
  9518 | D:10     | Entered Level 10 of the Dungeon
  9524 | D:10     | Reached skill level 15 in Polearms
  9524 | D:10     | Reached XP level 11. HP: 108/108 MP: 9/11
 10049 | D:10     | Found a staircase to the Orcish Mines.
 10095 | D:10     | Noticed a two-headed ogre
 10107 | D:10     | Killed a two-headed ogre
 10303 | D:10     | Found a portal to a secret trove of treasure.
 10595 | D:11     | Gained mutation: You possess an exceptional clarity of
                  | mind. [potion of mutation]
 10595 | D:11     | Gained mutation: You are resistant to hostile enchantments.
                  | (MR+) [potion of mutation]
 10595 | D:11     | Gained mutation: You evolve. [potion of mutation]
 10669 | D:11     | Noticed a green ugly thing
 10674 | D:11     | Killed a green ugly thing
 10674 | D:11     | Received a gift from Trog
 10978 | D:11     | Noticed an ogre mage
 10978 | D:11     | Noticed a two-headed ogre
 10979 | D:11     | Noticed a two-headed ogre
 10982 | D:11     | Noticed a two-headed ogre
 10989 | D:11     | Killed a two-headed ogre
 10996 | D:11     | Killed a two-headed ogre
 10996 | D:11     | Reached skill level 16 in Polearms
 11012 | D:11     | Killed a two-headed ogre
 11028 | D:11     | Killed an ogre mage
 11028 | D:11     | Reached skill level 10 in Fighting
 11360 | D:11     | Noticed a green ugly thing
 11371 | D:11     | Killed a green ugly thing
 11463 | D:11     | Reached XP level 12. HP: 125/125 MP: 12/12
 11515 | D:11     | Lost mutation: You possess an exceptional clarity of mind.
                  | [evolution]
 12676 | D:12     | Reached skill level 1 in Armour
 13085 | D:12     | Lost mutation: You are resistant to hostile enchantments.
                  | (MR+) [evolution]
 13276 | D:12     | Noticed a two-headed ogre
 13283 | D:12     | Killed a two-headed ogre
 13415 | D:12     | Reached skill level 17 in Polearms
 13457 | D:12     | Received a gift from Trog
 14554 | Lair:1   | Entered Level 1 of the Lair of Beasts
 14749 | Lair:1   | Noticed Erica
 14769 | Lair:1   | Killed Erica
 14769 | Lair:1   | Reached skill level 5 in Dodging
 15097 | Lair:1   | Found a shimmering altar of Xom.
 15153 | Lair:1   | Noticed Urug
 15162 | Lair:1   | Killed Urug
 15162 | Lair:1   | Reached XP level 13. HP: 140/140 MP: 9/13
 16460 | Lair:3   | HP: 3/214 [centaur (9)]
 16460 | Lair:3   | Slain by a four-headed hydra

Illustrated notes

Levels and vault maps discovered:
D:1:      tarquinn_simple_flora_water_f, layout_basic
D:2:      layout_loops_ring, lemuel_coloured_pillars_altar, uniq_natasha
D:3:      layout_loops_ring, grunt_decor_clamped
D:4:      layout_layer_cave, enter_ossuary_3
D:5:      layout_basic, serial_curves, eino_curves_02, eino_curves_01,
          minmay_fractal_squares_gapless_5
D:6:      minmay_octagon_keep, layout_basic
D:7:      layout_basic, minmay_temple_entry_waves, uniq_harold
D:8:      layout_rooms
D:9:      layout_basic, lair_entry_dummy, serial_shops, shop, uniq_grum
D:10:     layout_rooms, orc_0_dummy, enter_trove_3, grunt_ministairs_9
D:11:     layout_loops_ring, kennysheep_another_room, minmay_door_square
D:12:     layout_layer_cave
Lair:1:   layout_loops_ring, basic_altar, uniq_urug, uniq_erica
Lair:2:   layout_chaotic_city
Lair:3:   layout_gridlike, minmay_shoals_entry_centaurs, serial_bayou_crossing,
          lemuel_fruit_fields, uniq_fannar

Skill      XL: |  1  2  3  4  5  6  7  8  9 10 11 12 13 |
---------------+----------------------------------------+-----
Dodging        | 3 5 |  5.6
Fighting       | 5 7 10 12 13 | 13.4
Polearms       | 4 5 6 8 10 13 15 16 17 | 17.3
Armour         | 3 |  3.7

Action                   |  1- 3 |  4- 6 |  7- 9 | 10-12 | 13-15 || total
-------------------------+-------+-------+-------+-------+-------++-------
Melee: Spear             |    51 |    78 |   367 |    62 |       ||   558
       Halberd           |       |       |       |   500 |    61 ||   561
       Scimitar          |       |       |       |       |     5 ||     5
Invok: Berserk           |     3 |     9 |    14 |    31 |     2 ||    59
       Trog's Hand       |       |       |       |     3 |       ||     3
  Use: Scroll            |       |    11 |     2 |    13 |     1 ||    27
       Potion            |       |       |       |    12 |       ||    12
 Stab: Sleeping          |       |     2 |     1 |     4 |       ||     7
       Invisible         |       |       |       |     1 |       ||     1
       Distracted        |       |       |       |     1 |       ||     1
Armor: Animal skin       |     8 |    16 |    86 |   125 |       ||   235
       Robe              |       |       |       |     1 |    38 ||    39
Dodge: Dodged            |    21 |    25 |    98 |   145 |    45 ||   334

Table legend: (Time is in decaauts)
 A = Elapsed time spent in this place.
 B = Non-inter-level travel time spent in this place.
 C = Inter-level travel time spent in this place.
 D = Time resting spent in this place.
 E = Time spent auto-exploring this place.
 F = Levels seen in this place.
 G = Mean time per level.
                   A        B        C        D        E       F      G
               +--------+--------+--------+--------+--------+-----+--------+
         Total |  16685 |  15691 |    994 |   5217 |   8546 |  16 | 1042.8 |
       Dungeon |  14551 |  13617 |    934 |   4874 |   7077 |  12 | 1212.6 |
          Lair |   1895 |   1836 |     59 |    230 |   1421 |   3 |  631.7 |
       Ossuary |    238 |    238 |      0 |    112 |     48 |   1 |  238.0 |
               +--------+--------+--------+--------+--------+-----+--------+

Top non-repeatable levels by time:
    D:11: 2301 daAuts
    D:12: 1895 daAuts
     D:7: 1704 daAuts
     D:2: 1538 daAuts
     D:5: 1487 daAuts
     D:4: 1440 daAuts
  Lair:1: 1014 daAuts
    D:10: 912 daAuts
  Lair:2: 872 daAuts
     D:9: 777 daAuts
     D:6: 757 daAuts
     D:3: 657 daAuts
     D:1: 651 daAuts
     D:8: 429 daAuts
 Ossuary: 238 daAuts
